Cogmind - Beta 14 @@@ ROGUE MODE // 2024.09.14 @ 11:53:23 Player: Minty Result: Destroyed by G-47 Trooper with Particle Gun Performance ------------- Evolutions (0) 0 Regions Visited (1) 200 Robots Destroyed (8) 40 Value Destroyed (234) 234 Prototype IDs (0) 0 Alien Tech Used (0) 0 Bonus (0) 0 TOTAL SCORE: 474 Bonus ------- None Cogmind --------- Core Integrity 0/250 Matter 295/300 Energy 33/100 System Corruption 0% Temperature Critical (616) Movement Core (700) Ox13 Location -10/Materials Parts ------- > --- POWER (1) -------- (None) > --- PROPULSION (2) --- (None) > --- UTILITY (2) ------ High-capacity Storage Unit > --- WEAPON (2) ------- Medium Laser > --- INVENTORY (20) --- Light Ion Engine Aluminum Leg Wheel Wheel Peak State ------------ > --- POWER ------------ Light Ion Engine > --- PROPULSION ------- Aluminum Leg Aluminum Leg > --- UTILITY ---------- Small Storage Unit Structural Scanner > --- WEAPON ----------- EM Pulse Gun EM Pulse Gun > --- INVENTORY -------- Light Ion Engine Light Treads Light Treads Wheel Wheel Medium Laser Small Laser Beam Cannon [Rating: 7] Favorites ----------- Power Light Ion Engine Engine Light Ion Engine Propulsion Aluminum Leg Treads Light Treads Leg Aluminum Leg Utility High-capacity Storage Unit Device Structural Scanner Storage High-capacity Storage Unit Weapon EM Pulse Gun Energy Gun EM Pulse Gun Energy Cannon Beam Cannon Build | -11 -10 ------- Run | Yrd Mat Slots Evolved . | . . Power . | . . Propulsion . | . . Utility . | . . Weapon . | . . Parts Attached 8 | . 8 Power . | . . Engine . | . . Core . | . . Reactor . | . . Propulsion 2 | . 2 Treads 2 | . 2 Leg . | . . Wheel . | . . Hover . | . . Flight . | . . Utility 2 | . 2 Device 1 | . 1 Storage 1 | . 1 Processor . | . . Hackware . | . . Protection . | . . Artifact . | . . Weapon 4 | . 4 Energy Gun 3 | . 3 Energy Cannon 1 | . 1 Ballistic Gun . | . . Ballistic Cannon . | . . Launcher . | . . Special Weapon . | . . Impact Weapon . | . . Slashing Weapon . | . . Piercing Weapon . | . . Special Melee Weapon . | . . Unidentified Prototypes . | . . Parts Lost 9 | . 9 Power 1 | . 1 Propulsion 3 | . 3 Utility 1 | . 1 Weapon 4 | . 4 Highest Loss Streak 9 | . 9 To Critical Strikes . | . . Average Slot Usage (%) 87 | . 87 Engine 13 | . 13 Treads 4 | . 4 Leg 21 | . 21 Device 7 | . 7 Storage 14 | . 14 Energy Gun 24 | . 24 Energy Cannon 1 | . 1 Peak Build Rating 7 | . 7 Average Rating 6 | . 6 On Entrance 6 | 6 6 Naked Turns . | . . Heaviest Build 48 | 11 48 Greatest Support 40 | 20 40 Greatest Overweight (x) 2 | . 2 Average Overweight (x) . | . . Largest Inventory Capacity 20 | . 20 Average Capacity 15 | . 15 Most Carried 8 | . 8 Average Carried 7 | . 7 Final Capacity 20 | 8 20 Final Carried 6 | 6 4 Class Distribution -------------------- 100% | Mutant Dominant Class ---------------- Mutant | -10/Materials Resources | -11 -10 ----------- Run | Yrd Mat Matter Collected 309 | 200 109 Remotely . | . . Salvage Created 287 | . 287 Parts 22 | . 22 Haulers Intercepted . | . . Recyclers Shooed . | . . Parts Field Recycled . | . . Retrieved Matter . | . . Parts Self-Destructed . | . . Prevented . | . . Kills | -11 -10 ------- Run | Yrd Mat Combat Hostiles Destroyed 8 | . 8 Guns 5 | . 5 Cannons 3 | . 3 Classes Destroyed 2 | . 2 Swarmer 2 | . 2 Grunt 6 | . 6 Best Kill Streak 3 | . 3 Combat Bots Only 3 | . 3 Max Kills in Single Turn 1 | . 1 Gunslinging . | . . Exploded . | . . Melee . | . . Uniques/NPCs Destroyed . | . . Combat | -11 -10 -------- Run | Yrd Mat Hostile Shots Fired 136 | . 136 Missed 31 | . 31 Damage Taken 1167 | . 1167 Core 257 | . 257 Absorbed by Shields . | . . Core Remaining (%) 100 | 100 . Volleys Fired 43 | . 43 Largest 2 | . 2 Hottest 100 | . 100 Shots Fired 66 | . 66 Gun 50 | . 50 Cannon 16 | . 16 Launcher . | . . Special . | . . Kinetic . | . . Thermal 29 | . 29 Explosive . | . . Electromagnetic 37 | . 37 Robot Hit Streak 5 | . 5 Robot Miss Streak 4 | . 4 Penetration Max . | . . Secondary Targets 1 | . 1 Max Gunslinging Chain 1 | . 1 Shots Hit Robots 35 | . 35 Core Hits 14 | . 14 Critical Kills . | . . Critical Parts Destroyed . | . . Critical Strikes 1 | . 1 Burn 1 | . 1 Melee Attacks . | . . Impact . | . . Slashing . | . . Piercing . | . . Sneak Attacks . | . . Combat Hostiles . | . . Follow-up Attacks . | . . Damage Inflicted 615 | . 615 Guns 374 | . 374 Cannons 208 | . 208 Explosions 33 | . 33 Melee . | . . Ramming . | . . Kinetic . | . . Thermal 333 | . 333 Explosive . | . . Electromagnetic 282 | . 282 Impact . | . . Slashing . | . . Piercing . | . . Highest Corruption . | . . Average Corruption . | . . Corruption Purged . | . . Corruption Blocked . | . . Overload Shots . | . . Overflow Damage . | . . Projectiles . | . . Explosions . | . . Melee . | . . Knockbacks . | . . Impact . | . . Kinetic . | . . Secondary . | . . Self-Inflicted Damage 27 | . 27 Shots 1 | . 1 Rammed . | . . Targets Rammed . | . . Kicked . | . . Crushed . | . . Highest Temperature 601 | . 601 Average Temperature 212 | . 212 Received Heat Transfer 444 | . 444 Effects 13 | . 13 Energy Bleed 5 | . 5 Matter Decay 1 | . 1 Short Circuit 2 | . 2 Damage (minor) 1 | . 1 Damage (major) 3 | . 3 Damage (core) 1 | . 1 Siege Activations . | . . Robots Corrupted . | . . Combat Hostiles . | . . Parts Fried 1 | . 1 Impact Corruptions . | . . Robots Melted . | . . Combat Hostiles . | . . Parts Melted 1 | . 1 Heat Transferred 804 | . 804 Parts Sabotaged . | . . Parts Stolen . | . . Parts Stripped . | . . Power Chain Reactions 1 | . 1 Alert | -11 -10 ------- Run | Yrd Mat Peak Influence 129 | . 129 Initial . | . . Average 63 | . 63 Maximum Alert Level . | . . Low Security (%) 100 | . 100 Level 1 . | . . Level 2 . | . . Level 3 . | . . Level 4 . | . . Level 5 . | . . High Security . | . . Max Security . | . . Squads Dispatched 1 | . 1 Investigation 1 | . 1 Extermination . | . . Reinforcement . | . . Assault . | . . Garrison . | . . Intercept . | . . Searches Triggered . | . . Construction Impeded . | . . Haulers Reinforced . | . . Active Scanning Responses . | . . Cargo Convoy Interrupts . | . . Stealth | -11 -10 --------- Run | Yrd Mat Distress Signals 1 | . 1 Communications Jammed . | . . Distress Signals . | . . Times Spotted 13 | . 13 Peak Tracking Total 5 | . 5 Tactical Retreats . | . . Traps | -11 -10 ------- Run | Yrd Mat Traps Triggered . | . . Indirectly . | . . Trap Hack Attempts . | . . Triggered . | . . Disarmed . | . . Reprogrammed 3 | . 3 Reused . | . . Traps Extracted . | . . Installed . | . . Triggered . | . . Machines | -11 -10 ---------- Run | Yrd Mat Machines Disabled 1 | . 1 Max in Single Turn 1 | . 1 Machines Repaired . | . . Machines Dismantled . | . . Machines Sabotaged . | . . Overloaded Fab Kills . | . . Hacking | -11 -10 --------- Run | Yrd Mat Machines Accessed 3 | . 3 Terminals 3 | . 3 Fabricators . | . . Repair Stations . | . . Recycling Units . | . . Scanalyzers . | . . Garrison Access . | . . Total Hacks 11 | . 11 Successful 6 | . 6 Failed 5 | . 5 Catastrophic 1 | . 1 Database Lockouts . | . . Manual 9 | . 9 Terminals 11 | . 11 Fabricators . | . . Repair Stations . | . . Recycling Units . | . . Scanalyzers . | . . Garrison Access . | . . Terminal Hacks 3 | . 3 Locate Traps 1 | . 1 Reprogram Traps 1 | . 1 Hauler Manifests 1 | . 1 Fabricator Hacks . | . . Repair Station Hacks . | . . Recycling Unit Hacks . | . . Scanalyzer . | . . Garrison Access Hacks . | . . Unauthorized Hacks 3 | . 3 Terminals 3 | . 3 Botnet 2 | . 2 Skim 1 | . 1 Fabricators . | . . Repair Stations . | . . Recycling Units . | . . Scanalyzers . | . . Garrison Access . | . . Data Cores Recovered . | . . Used . | . . Hacking Detections 3 | . 3 Full Trace Events 2 | . 2 Feedback Events . | . . Feedback Blocked . | . . Robot Schematics Acquired . | . . Robots Built . | . . Authchips . | . . Time . | . . Total Robot Build Rating . | . . Part Schematics Acquired . | . . Parts Built . | . . Authchips . | . . Time . | . . Total Part Build Rating . | . . Parts Repaired . | . . Time . | . . Parts Recycled . | . . Recycled Matter . | . . Retrieved Matter . | . . Retrieved Components . | . . Parts Scanalyzed . | . . Part Schematics Acquired . | . . Parts Damaged . | . . Bothacking | -11 -10 ------------ Run | Yrd Mat Used RIF Installer . | . . Robots Hacked . | . . Non-combat . | . . Combat . | . . Robot Hacks Applied . | . . Relay Couplers Released . | . . Fabnet Peak Effective % . | . . Robots Rewired . | . . Allies Hacked . | . . Hacks Repelled . | . . Allies | -11 -10 -------- Run | Yrd Mat Total Allies . | . . Largest Group . | . . Highest-Rated Group . | . . Highest-Rated Ally . | . . Total Orders . | . . Ally Attacks . | . . Total Damage . | . . Kills . | . . Allies Corrupted . | . . Allies Melted . | . . Intel | -11 -10 ------- Run | Yrd Mat Robot Analysis Total . | . . Derelict Logs Recovered . | . . Drone Launches . | . . Drone Recoveries . | . . Exploration | -11 -10 ------------- Run | Yrd Mat Turns Passed 340 | . 340 Spaces Moved 136 | 1 135 Core . | . . Treads 7 | . 7 Legs 129 | 1 128 Wheels . | . . Hover . | . . Flight . | . . Fastest Speed 120 | 120 120 Average Speed 162 | 120 162 Slowest Speed 260 | 120 260 Overloaded Moves . | . . Propulsion Burnouts . | . . Robots Hopped . | . . Cave-ins Triggered . | . . Exploration Rate (%) 15 | 1 29 Regions Visited 1 Branch Regions . Pre-discovered Areas . | . . Known Exits Taken . | . . Unknown Exits Taken 1 | 1 . Scrap Searched . | . . Spaces Dug . | . . Terrain Destroyed 3 | . 3 Melee . | . . Projectile . | . . AOE 3 | . 3 Terrain Rammed . | . . Walls Destroyed . | . . Machines Disabled . | . . Actions | -11 -10 --------- Run | Yrd Mat Total 189 | . 189 Wait . | . . Move 135 | . 135 Hop . | . . Pick Up 2 | . 2 Fast Attach 1 | . 1 Attach 4 | . 4 Detach . | . . Swap 3 | . 3 Drop 1 | . 1 Fire 43 | . 43 Melee . | . . Ram . | . . Kick . | . . Crush . | . . Escape Stasis . | . . Rewire . | . . Trap . | . . Miscellaneous . | . . Route ------- -11/Scrapyard -10/Materials (discovered 1 exit: [*Min]) History --------- Turn | Location | Event 1 | -11/Scrapyard | Discovered new exit (range 0) 1 | -11/Scrapyard | Entered Materials 64 | -10/Materials | Discovered new exit (range 9) 308 | -10/Materials | Build established: Mutant 330 | -10/Materials | Core integrity fell below 50% 336 | -10/Materials | Core integrity fell below 20% 341 | -10/Materials | Destroyed by G-47 Trooper with Particle Gun Last Messages --------------- 00321_ G-34 Mercenary destroyed. 00321_ Lgt. Ion Engine destroyed. 00323_ Lgt. Treads broken. 00323_ Overheating: Short circuit. 00325_ Overheating: Energy bleed (-18). 00326_ Overheating: Energy bleed (-8). 00327_ Overheating: Sml. Laser damaged (-19). 00327_ Overheating: Hcp. Storage Unit damaged (-211). 00327_ Overheating: Broken Lgt. Treads damaged (-2). 00327_ Beam Cannon destroyed. 00327_ Broken Lgt. Treads destroyed. 00328_ Sml. Laser broken. 00328_ Overheating: Short circuit. 00333_ Overheating: Energy bleed (-5). 00334_ M-13 Machinist suffers critical hit (Burn). 00335_ Broken Sml. Laser destroyed. 00336_ Overheating: Core damaged (-37). 00337_ Overheating: Energy bleed (-7). 00338_ Overheating: Energy bleed (-6). 00339_ Overheating: Med. Laser damaged (-13). Map ----- +----------------------------------------------------+ | ?????????????????????????????????????????????????? | | ???????????????????????????????############??????? | | ???????????????????????????????# # """ #??????? | | ???????????????????????????????# # """ ######## | | ???????????????????????????????# # """ + | | ??????????????????????????????## + ######## | | ??????????????????????????????## # # | | ??????????????????????????????## # # """ "" | | ??????????????????????? ????## ######## """ "" | | ???????????????????????## ????## # # """ "" | | ??????????????????????? # ????## # "T" # """ "" | | ?????????????????????????? #### # # """ "" | | ??????????????????????????? #### # # | | ??????????????????????????? # # ! | | ????????????????????????????? # """ #####+## | | ?????????????????????????????? # """ ### | | ??????????????????###??###+#??## # """ ### | | ??????????????????# ?? ??## # + | | ??????????????????# ? ??## # """ #### ### | | ??????????????????# ? ???## + """ # ## | | ??????????????????? ???## # """ # ## | | ????????????????????? ! ?? ## # # ###### | | ????????????????### ## ######## ###### | | ???????????# ########r##### ####### ?????? | | ???????????# ^ [%= ##???????????? | | ???????????# ^ @ = T ##???????????? | | ???????????# ^ * % ##???????????? | | ???????????# #"T"###[%*#### ##???????????? | | ????????????#???###?####s=g###########???????????? | | ?????????????????????? #[%[#?#########???????????? | | ?????????????????????? + #?????????????????????? | | ?????????????????????? # #?????????????????????? | | ???????????????????????# #?????????????????????? | | ???????????????????????# g#?????????????????????? | | ???????????????????????# #?????????????????????? | | ???????????????????????# #?????????????????????? | | ???????????????????????# #?????????????????????? | | ???????????????????????# #?????????????????????? | | ??????????????????????? ??????????????????????? | | ??????????????????????? ??????????????????????? | | ???????????????????????? ??????????????????????? | | ?????????????????????????????????????????????????? | | ?????????????????????????????????????????????????? | | ?????????????????????????????????????????????????? | | ?????????????????????????????????????????????????? | | ?????????????????????????????????????????????????? | | ?????????????????????????????????????????????????? | | ?????????????????????????????????????????????????? | | ?????????????????????????????????????????????????? | | ?????????????????????????????????????????????????? | +----------------------------------------------------+ Best States ------------- Heat Dissipation 25 Energy Generation 10 Energy Capacity 125 Matter Stores 300 Matter Capacity 300 Sight Range 16 Terrain Scan Density 10 Evasion (%) 55 Recoil Reduction 2 Item Schematics ----------------- None Robot Schematics ------------------ None Fabricated ------------ Nothing Alien Tech Used ----------------- None Achievements -------------- None Challenges ------------ None Game ------ Seed WardronePrecisionFlightbrick Manual? 0 Play Time 00:05:28 Cumulative 933.2 hours Start 2024.09.14 @ 11:48:16 End 2024.09.14 @ 11:53:23 Sessions 1 Manual Loads 0 Difficulty Rogue Special Mode None Game No. 1135 Rogue 855 Adventurer 124 Explorer 156 Win Type - Total 39 Types 28/0/8/1/1/0/0/1/0 Lore% 81 Gallery% 90 Achievement% 78 Wizard Run 0 Options --------- Layout 0 ASCII 0 Keyboard 1 Movement Numpad Keybinds 0 Fullscreen 2 Font 18/X11 Map View 76x50 Zoom Use 0% Tactical HUD 1 Map Filters NONE Filters NONE Steam 1 RUN: 2f4105d4-65fa-4267-9c70-b70235829d9c